 Dungeon Crawl Stone Soup version 0.30.0-5-g1a98f26d00 (webtiles) character file.

Game seed: 16962212298940015987

2111 tizbic2 the Covered (level 9, -1/46 HPs)
             Began as a Vine Stalker Artificer on May 12, 2023.
             Slain by Menkaure (11 damage)
             ... on level 7 of the Dungeon.
             The game lasted 00:26:41 (4267 turns).

tizbic2 the Covered (Vine Stalker Artificer)        Turns: 4267, Time: 00:26:42

Health: -1/46      AC:  9    Str: 18    XL:     9   Next: 28%
Magic:  0/18       EV: 16    Int: 15    God:
Gold:   350        SH:  0    Dex: 16    Spells: 18/18 levels left

rFire   . . .        g - +5 dagger "Egav" {speed, Fragile rCorr Int+4}
rCold   . . .        (no shield)
rNeg    . . .        k - +1 ring mail {Will+}
rPois   .            n - +0 helmet
rElec   +            (no cloak)
rCorr   +            (no gloves)
SInv    .            o - +0 pair of boots
Will    ++...        (no amulet)
Stlth   +            z - +5 ring of evasion
HPRegen 1.07/turn    (no ring)
MPRegen 0.16/turn

%: guardian spirit
@: no status effects
A: fangs 3, regeneration 1, magic shield, antimagic bite, no potion heal 2,
electricity resistance
a: no special abilities


You were on level 7 of the Dungeon.
You visited 1 branch of the dungeon, and saw 8 of its levels.

You collected 350 gold pieces.

Inventory:

Hand Weapons
 a - a +4 dagger
 g - the +5 dagger "Egav" (weapon) {speed, Fragile rCorr Int+4}
   (You found it on level 2 of the Dungeon)

   Int:       It affects your intelligence (+4).
   rCorr:     It protects you from acid and corrosion.
   Fragile:   It will be destroyed if unequipped.
 l - a +0 mace
 v - a +2 war axe
 w - a +0 shortbow
 F - a +0 scimitar
 H - a +3 spear of freezing
Missiles
 j - 4 silver boomerangs
 D - 6 datura-tipped darts
Armour
 k - a +1 ring mail of willpower (worn)
 n - a +0 helmet (worn)
 o - a +0 pair of boots (worn)
 t - a +0 kite shield
Magical Staves
 x - a staff of poison
Jewellery
 f - a ring of fire
 z - a +5 ring of evasion (left hand)
Wands
 c - a wand of flame (12) (quivered)
 d - a wand of charming (15)
 e - a wand of iceblast (5)
 i - a wand of paralysis (21)
 G - a wand of roots (6)
 I - a wand of light (12)
Scrolls
 p - a scroll of torment
 q - a scroll of vulnerability
 y - a scroll of noise {unknown}
 A - 2 scrolls of immolation {unknown}
 E - a scroll of fear
Potions
 b - 2 potions of flight
 h - 2 potions of might
 m - a potion of mutation
 r - 2 potions of attraction
 s - 2 potions of brilliance
 u - 2 potions of magic {unknown}
 B - a potion of invisibility
 C - a potion of haste


   Skills:
 + Level 4.6 Fighting
 + Level 2.0 Short Blades
 * Level 6.2 Armour
 - Level 1.9 Dodging
 - Level 1.2 Stealth
 + Level 3.7 Shields
 + Level 5.4 Spellcasting
 + Level 1.0 Summonings
 - Level 2.6 Evocations


You had 18 spell levels left.
You didn't know any spells.
Your spell library contained the following spells:

 Spells                   Type           Power      Damage    Failure   Level
 Summon Small Mammal      Summ           28%        N/A       17%         1
 Sandblast                Erth           8%         2d5       26%         1
 Static Discharge         Conj/Air       8%         2-3/arc   36%         2
 Call Canine Familiar     Summ           7%         N/A       45%         3
 Summon Guardian Golem    Hex/Summ       5%         N/A       54%         3
 Dazzling Flash           Conj/Hex       8%         N/A       61%         3
 Hailstorm                Conj/Ice       4%         3d4       61%         3
 Inner Flame              Hex/Fire       4%         N/A       61%         3
 Portal Projectile        Hex/Tloc       8%         N/A       61%         3
 Tukima's Dance           Hex            4%         N/A       61%         3
 Volatile Blastmotes      Fire/Tloc      8%         2d10      61%         3
 Animate Armour           Summ/Erth      10%        N/A       91%         4
 Summon Lightning Spire   Summ/Air       5%         N/A       91%         4
 Airstrike                Air            2%         2d(1-17)  95%         4
 Fulminant Prism          Conj/Hex       2%         3d5       95%         4
 Ice Form                 Ice/Tmut       4%         N/A       95%         4
 Iskenderun's Mystic Bla  Conj/Tloc      4%         2d3       95%         4
 Leda's Liquefaction      Hex/Erth       2%         N/A       95%         4
 Blade Hands              Tmut           2%         N/A       100%        5
 Lee's Rapid Deconstruct  Erth           2%         3d4*      100%        5
 Yara's Violent Unravell  Hex/Tmut       2%         3d3       100%        5
 Simulacrum               Ice/Necr       2%         N/A       100%        6
 Starburst                Conj/Fire      2%         6d3       100%        6
 Enfeeble                 Hex            2%         N/A       100%        7
 Shatter                  Erth           2%         3d6*      100%        9


Dungeon Overview and Level Annotations

Branches:
Dungeon (8/15)
 Temple: D:4-7         Lair: D:8-11

Altars:
Cheibriados
Elyvilon
Kikubaaqudgha
Makhleb
Nemelex Xobeh
Ru
Trog
Uskayaw
Zin
The Shining One

Annotations:
D:7 Dowan, Duvessa, Menkaure


Innate Abilities, Weirdness & Mutations

You have razor-sharp teeth.
Your natural rate of healing is unusually fast.
When hurt, damage is shared between your health and your magic reserves.
Your bite disrupts and absorbs the magic of your enemies.
Potions cannot restore your health.
You are resistant to electric shocks. (rElec)


Message History

t - a +0 kite shield Dowan cries in horror.
Dowan mumbles some strange words.
Dowan blinks!
Menkaure barely misses you.
Dowan mumbles some strange words.
Dowan blinks!
Duvessa cries, "Oh dear!
Oh dear!"
Dowan mumbles some strange words.
Dowan blinks!
Menkaure attacks as you move away! Menkaure hits you.
Dowan casts a spell.
Dowan blinks!
Menkaure hits you but does no damage.
Dowan casts a spell.
Dowan blinks!
Menkaure attacks as you move away! Menkaure misses you.
Menkaure calls on the powers of darkness!
Your body is wracked with pain!
* * * LOW HITPOINT WARNING * * *
Found 6 gold pieces.
Found a ruby potion and a runed war axe.
Found a hide-covered altar of Uskayaw.
Menkaure rustles, "It doesn't hurt if you pull your brain out of your nose yourself."
Menkaure casts a spell at you. You resist with almost no effort.
Duvessa seems to regain her courage.
Menkaure attacks as you move away! Menkaure hits you!
* * * LOW HITPOINT WARNING * * *
An ufetubus comes into view.
The ufetubus shouts!
Menkaure calls on the powers of darkness!
Your body is wracked with pain!
* * * LOW HITPOINT WARNING * * *
You closely miss the ufetubus. Your bite misses the ufetubus.
The ufetubus closely misses you. The ufetubus barely misses you.
You closely miss the ufetubus.
You bite the ufetubus, but do no damage.
The ufetubus completely misses you. The ufetubus hits you.
* * * LOW HITPOINT WARNING * * *
You barely miss the ufetubus. Menkaure hits you!
You die...

###...###. ###..#
##.# ## #.# .. #.
###.# .## ..
#...## ..# .#
###.#..## #.# .#
.........## #.#.#
.......8..###@5.#
..$.......e..M#..#
8.......8.##..#..#
....)!.......##..#
..._...8...## ..#
..###.....# ..#
........ .##
####### ..


You could see Duvessa, Menkaure (fast) and an ufetubus.

Vanquished Creatures
  A wyvern (D:4)
  An ice beast (D:6)
  4 black bears
  A centaur (D:4)
  An ogre (D:6)
  A phantom (D:5)
  A kobold brigand (D:6)
  A bullfrog (D:6)
  2 scorpions
  4 wights (D:6)
  A howler monkey (D:5)
  2 orc priests
  4 hounds
  2 jellies (D:5)
  2 sleepcaps
  Natasha (twice) (D:2)
  5 iguanas
  2 orc wizards
  4 gnolls (D:4)
  8 adders
  2 shadow imps (D:6)
  A white imp (D:6)
  2 ufetubi (D:6)
  A worm (D:2)
  A dart slug (D:1)
  11 orcs
  9 ball pythons
  13 endoplasms
  7 giant cockroaches
  6 goblins
  6 hobgoblins
  9 jackals
  5 quokkas
  9 bats
  3 frilled lizards
  10 kobolds
  6 rats
150 creatures vanquished.

Notes
Turn   | Place    | Note
-------+----------+-------------------------------------------
     0 | D:1      | tizbic2 the Vine Stalker Artificer began the quest for the
                  | Orb.
     0 | D:1      | Reached XP level 1. HP: 9/9 MP: 2/2
    53 | D:1      | Reached skill level 1 in Fighting
    64 | D:1      | Reached XP level 2. HP: 13/14 MP: 2/4
    65 | D:1      | Reached skill level 1 in Dodging
    98 | D:1      | Reached skill level 1 in Spellcasting
   109 | D:1      | Reached skill level 2 in Armour
   227 | D:1      | Reached XP level 3. HP: 17/18 MP: 1/5
  1004 | D:2      | Gained mutation: Your natural rate of healing is unusually
                  | fast. [Vine Stalker growth]
  1004 | D:2      | Reached XP level 4. HP: 22/22 MP: 7/7
  1170 | D:2      | Identified the +5 dagger "Egav" {speed, Fragile rCorr
                  | Int+4}
  1200 | D:2      | Noticed Natasha
  1206 | D:2      | Killed Natasha
  1207 | D:2      | Reached XP level 5. HP: 17/26 MP: 5/9
  1229 | D:2      | Noticed Natasha
  1236 | D:2      | Killed Natasha
  1672 | D:3      | Found a faded altar of an unknown god.
  1867 | D:3      | Found a burning altar of Makhleb.
  1896 | D:3      | Got the Vademecum on the Tektite
  2144 | D:3      | Reached skill level 3 in Armour
  2488 | D:4      | Found a sacrificial altar of Ru.
  2500 | D:4      | Reached XP level 6. HP: 30/30 MP: 9/11
  2635 | D:4      | Found a snail-covered altar of Cheibriados.
  2662 | D:4      | Found a sparkling altar of Nemelex Xobeh.
  2755 | D:4      | Noticed a black bear
  2768 | D:4      | Killed a black bear
  2769 | D:4      | Reached skill level 1 in Shields
  2769 | D:4      | Reached XP level 7. HP: 27/35 MP: 10/13
  2939 | D:4      | Reached skill level 4 in Armour
  2945 | D:4      | Gained mutation: You are resistant to electric shocks.
                  | (rElec) [potion of mutation]
  3106 | D:5      | Entered Level 5 of the Dungeon
  3226 | D:5      | Noticed a wyvern
  3273 | D:4      | Killed a wyvern
  3274 | D:4      | Gained mutation: You have razor-sharp teeth. [Vine Stalker
                  | growth]
  3274 | D:4      | Reached XP level 8. HP: 22/40 MP: 7/15
  3386 | D:5      | Reached skill level 5 in Armour
  3739 | D:6      | Found a bloodstained altar of Trog.
  3810 | D:6      | Found a glowing silver altar of Zin.
  3810 | D:6      | Found a white marble altar of Elyvilon.
  3810 | D:6      | Found a glowing golden altar of the Shining One.
  3867 | D:6      | Reached skill level 1 in Short Blades
  3867 | D:6      | Reached skill level 5 in Spellcasting
  3928 | D:6      | Reached XP level 9. HP: 33/46 MP: 12/17
  4010 | D:6      | Reached skill level 6 in Armour
  4162 | D:6      | You fall into a shaft and drop 2 floors!
  4213 | D:7      | Found an ancient bone altar of Kikubaaqudgha.
  4216 | D:7      | Reached skill level 1 in Summonings
  4235 | D:7      | Noticed Duvessa
  4241 | D:7      | Noticed Menkaure
  4243 | D:7      | Noticed Dowan
  4257 | D:7      | Found a hide-covered altar of Uskayaw.
  4267 | D:7      | Slain by Menkaure

Illustrated notes

Levels and vault maps discovered:
D:1:      scummos_arrival_simple_fountains, layout_basic
D:2:      layout_loops_cross, kennysheep_generic_room_10, uniq_natasha
D:3:      layout_loops_corners, lightli_temple_of_fire,
          hellmonk_ecumenical_altar_pennies_from_heaven, minmay_snake_closets
D:4:      layout_gridville, nicolae_ru_great_annihilating_truth,
          nemelex_xobeh_ov_fountains_minmay, marbit_many_paths
D:5:      layout_rooms, chequers_decorated_corner
D:6:      layout_rooms, dreamdust_divine_triumvirate,
          mainiacjoe_overflow_boulevard
D:7:      layout_rooms, lemuel_coloured_pillars_altar,
          eat_drink_and_be_merry_uskayaw, lemuel_zombie_altar_yredelemnul,
          minmay_temple_entry_large_hall, minmay_crossroads, uniq_duvessa,
          uniq_menkaure
D:8:      layout_basic, lair_entry_dummy, uniq_grum

Skill      XL: |  1  2  3  4  5  6  7  8  9 |
---------------+----------------------------+-----
Fighting       | 1 2 3 4 |  4.6
Dodging        | 1 |  1.9
Spellcasting   | 1 2 3 4 5 |  5.4
Armour         | 2 3 4 5 6 |  6.2
Shields        | 1 2 3 |  3.7
Short Blades   | 1 2 |  2.0
Summonings     | 1 |  1.0
Stealth        | |  1.2
Evocations     | |  2.6

Action                     |  1- 3 |  4- 6 |  7- 9 || total
---------------------------+-------+-------+-------++-------
  Melee: Club              |    33 |       |       ||    33
         Bite              |    39 |    34 |    69 ||   142
         Whip              |    83 |       |       ||    83
         Punch             |     2 |     2 |     2 ||     6
         Flail             |    26 |       |       ||    26
         Mace              |     2 |   106 |       ||   108
         Dagger            |       |    33 |   225 ||   258
         War axe           |       |       |     5 ||     5
   Fire: Shortbow          |       |     3 |    23 ||    26
  Evoke: Wand              |       |       |     3 ||     3
    Use: Scroll            |       |     7 |     8 ||    15
         Potion            |       |       |     3 ||     3
   Stab: Sleeping          |     1 |     1 |     2 ||     4
         Paralysed         |       |     1 |       ||     1
 Armour: Leather armour    |    58 |       |       ||    58
         Ring mail         |     6 |    70 |    96 ||   172
  Dodge: Dodged            |   110 |   102 |   164 ||   376
